 Dungeon Crawl Stone Soup version 0.28-a0-938-gbc3f381ebc (webtiles) character file.

Game seed: 542981060601501560

0 mainiacjoe the Caller (level 1, 0/10 HPs)
             Began as a Tengu Summoner on Nov 30, 2021.
             Slain by a bat (1 damage)
             ... on level 1 of the Dungeon.
             The game lasted 00:00:48 (31 turns).

mainiacjoe the Caller (Tengu Summoner)                Turns: 31, Time: 00:00:49

Health: 0/10       AC:  2    Str:  8    XL:     1   Next: 10%
Magic:  2/4        EV: 12    Int: 15    God:
Gold:   0          SH:  0    Dex: 14    Spells: 3/4 levels left

rFire   . . .      SeeInvis .   (no weapon)
rCold   . . .      Faith    .   (no shield)
rNeg    . . .      Spirit   .   a - +0 robe
rPois   .          Reflect  .   (helmet restricted)
rElec   .          Harm     .   (no cloak)
rCorr   .          Rampage  .   (no gloves)
Will    .....                   (boots unavailable)
Stlth   ++........              (no amulet)
HPRegen 0.03/turn               (no ring)
MPRegen 0.09/turn               (no ring)

@: no status effects
A: beak, talons 3
a: no special abilities


You were on level 1 of the Dungeon.
You visited 1 branch of the dungeon, and saw 1 of its levels.

Inventory:

Missiles
 b - 26 stones (quivered)
Armour
 a - a +0 robe (worn)
Scrolls
 c - a scroll of magic mapping {unknown}


   Skills:
 - Level 2.1 Dodging
 - Level 2.0 Stealth
 + Level 2.0 Spellcasting
 + Level 4.8 Summonings


You had 3 spell levels left.
You knew the following spells:

 Your Spells              Type           Power      Damage    Failure   Level
a - Summon Small Mammal   Summ           64%        N/A       3%          1

Your spell library contained the following spells:

 Spells                   Type           Power      Damage    Failure   Level
 Call Imp                 Summ           16%        N/A       4%          2
 Call Canine Familiar     Summ           16%        N/A       9%          3
 Summon Guardian Golem    Hex/Summ       8%         N/A       24%         3
 Summon Lightning Spire   Summ/Air       8%         N/A       63%         4


Dungeon Overview and Level Annotations

Branches:
Dungeon (1/15)

Altars:


Innate Abilities, Weirdness & Mutations

You have a beak for a mouth.
You have claws for feet.


Message History

Your quokka misses the bat. You hit the ball python.
You kill the ball python!
The bat hits you. The bat misses you.
Your quokka closely misses the bat.
You closely miss the bat. Your kick misses the bat. The bat closely misses you.
The frilled lizard closely misses you.
You swap places.
You enter the shallow water.
Moving in this stuff is going to be slow.
The bat misses you. The bat hits you but does no damage.
The frilled lizard completely misses your quokka.
The frilled lizard barely misses your quokka.
The bat misses you.
Your unstable footing causes you to fumble your attack.
The bat hits you.
The frilled lizard barely misses your quokka.
The bat closely misses you. The frilled lizard barely misses you.
Your quokka closely misses the bat.
The bat completely misses you.
Your quokka bites the bat.
The bat hits you but does no damage.
Your quokka closely misses the frilled lizard.
The bat hits you but does no damage.
You hit the bat but do no damage. The bat closely misses you.
The bat misses you. The frilled lizard closely misses you.
You hit the bat. Your peck misses the bat.
The bat is moderately wounded.
The bat hits you but does no damage.
Your quokka bites the bat but does no damage.
The frilled lizard misses you.
Your quokka closely misses the bat.
Casting: Summon Small Mammal (safe; 3% risk of failure)
Confirm with . or Enter, or press ? or * to list all spells.
The bat barely misses you. The bat closely misses your quokka.
The bat hits you.
* * * LOW HITPOINT WARNING * * *
The frilled lizard bites you.
* * * LOW HITPOINT WARNING * * *
Your quokka barely misses the bat.
The bat closely misses you. The bat hits you but does no damage.
The frilled lizard bites your quokka.
Your quokka bites the bat.
The bat hits you.
You die...

... ##. ###
..#
#..♣♣P>P♣♣..
#..♣♣.♣♣..#
♣.........♣
♣.♣.≈≈≈.♣.♣
♣..≈≈8≈≈..♣
♣.♣.≈≈≈.♣@♣
♣........b♣
#..♣♣.♣♣rr##
♣P.


You could see a bat (ally target), a frilled lizard and 2 friendly quokkas.

Vanquished Creatures
  A ball python (D:1)
1 creature vanquished.

Notes
Turn   | Place    | Note
-------+----------+-------------------------------------------
     0 | D:1      | mainiacjoe the Tengu Summoner began the quest for the Orb.
     0 | D:1      | Reached XP level 1. HP: 10/10 MP: 4/4
    31 | D:1      | Slain by a bat

Illustrated notes

Levels and vault maps discovered:
D:1:      tarquinn_simple_flora_water_b, layout_basic, basic_ecumenical_altar,
          serial_shops, nicolae_shop_hallway_plus, lemuel_flame_loot_1

Action                   || total
-------------------------++-------
Melee: Unarmed           ||     6
 Cast: Summon Small Mamm ||     4
Armor: Robe              ||     7
Dodge: Dodged            ||    18

Table legend: (Time is in decaauts)
 A = Elapsed time spent in this place.
 B = Non-inter-level travel time spent in this place.
 C = Inter-level travel time spent in this place.
 D = Time resting spent in this place.
 E = Time spent auto-exploring this place.
 F = Levels seen in this place.
 G = Mean time per level.
                   A        B        C        D        E       F      G
               +--------+--------+--------+--------+--------+-----+--------+
         Total |     31 |     31 |      0 |      0 |      7 |   1 |   31.0 |
       Dungeon |     31 |     31 |      0 |      0 |      7 |   1 |   31.0 |
               +--------+--------+--------+--------+--------+-----+--------+

Top non-repeatable levels by time:
     D:1: 31 daAuts
